 Dungeon Crawl Stone Soup version 0.21.1-1-g345015f (webtiles) character file.

466 inc the Scratcher (level 6, 0/25 HPs)
             Began as a Felid Transmuter on Mar 6, 2018.
             Was a Believer of Jiyva.
             Slain by a gnoll
             ... wielding a +0 spear
              (3 damage)
             ... on level 5 of the Dungeon.
             The game lasted 00:25:51 (7788 turns).

inc the Scratcher (Felid Transmuter)                Turns: 7788, Time: 00:25:51

Health: 0/25       AC:  4    Str:  9    XL:     6   Next: 81%
Magic:  10/10      EV: 19    Int: 17    God:    Jiyva [**....]
Gold:   445        SH:  0    Dex: 15    Spells: 6/9 levels left
                                        Lives:  0   Deaths: 2

rFire    . . .     SeeInvis +     - Unarmed
rCold    . . .     Gourm    .   (shield unavailable)
rNeg     . . .     Faith    .   (armour unavailable)
rPois    .         Spirit   .   (helmet unavailable)
rElec    .         Reflect  .   (cloak unavailable)
rCorr    .         Harm     .   (gloves unavailable)
MR       +....     Rnd*Tele +   (boots unavailable)
Stlth    +++.......             (no amulet)
HPRegen  0.08/turn              m - ring of teleportation (curse)
MPRegen  0.12/turn              q - ring of stealth

@: quick
A: very small, no armour, no weapons or thrown items, stealth, claws 1, fangs 3,
molten scales 1, see invisible, carnivore, speed 1, magic resistance 1, shaggy
fur 2, slow metabolism 1, strong 1, sharp paws
a: Request Jelly, Renounce Religion


You were on level 5 of the Dungeon.
You worshipped Jiyva.
Jiyva was pleased with you.
You were not hungry.

You visited 2 branches of the dungeon, and saw 7 of its levels.
You also visited: Ossuary.

You collected 445 gold pieces.

Inventory:

Missiles
 a - 58 arrows
Jewellery
 m - a cursed ring of teleportation (left paw)
 q - a ring of stealth (right paw)
Wands
 d - a wand of polymorph (18)
 f - a wand of scattershot (7)
 s - a wand of disintegration (18)
Scrolls
 g - 6 scrolls of identify
 h - 2 scrolls of enchant weapon {unknown}
 j - a scroll of fog
 k - 2 scrolls of teleportation
 n - a scroll of vulnerability {unknown}
 p - a scroll of noise {unknown}
 r - a scroll of remove curse {unknown}
Potions
 e - a potion of agility {unknown}
 i - a potion of might
 l - 5 potions of brilliance
 o - 2 potions of flight
Books
 b - a book of Changes

   Spells                             Type                      Level
   a - Beastly Appendage              Transmutation                1
   b - Sticks to Snakes               Transmutation                2
   c - Spider Form                    Transmutation/Poison         3
   d - Ice Form                       Ice/Transmutation            4
   e - Blade Hands                    Transmutation                5
Comestibles
 c - 10 rations


   Skills:
 - Level 1.0 Fighting
 + Level 4.1 Dodging
 - Level 7.2 Unarmed Combat
 - Level 2.0 Spellcasting
 - Level 6.7 Transmutations


You had 6 spell levels left.
You knew the following spells:

 Your Spells              Type           Power        Failure   Level  Hunger
a - Beastly Appendage     Tmut           ###...       1%          1    #......
b - Sticks to Snakes      Tmut           ###.....     1%          2    ###....


Dungeon Overview and Level Annotations

Branches:
Dungeon (6/15)             Temple (1/1) D:4

Altars:
Ashenzari
Cheibriados
Elyvilon
Fedhas
Gozag
Hepliaklqana
Kikubaaqudgha
Makhleb
Nemelex Xobeh
Okawaru
Qazlal
Ru
Sif Muna
Trog
Uskayaw
Vehumet
Wu Jian
Zin
The Shining One
Jiyva


Innate Abilities, Weirdness & Mutations

You cannot wear armour.
You are incapable of wielding weapons or throwing items.
Your paws allow you to move quietly. (Stealth)
You have sharp claws.
You have razor-sharp teeth.
You have supernaturally acute eyesight. (SInv)
You are carnivorous and can eat meat at any time.
You cover ground quickly.
You are covered in thick fur. (AC +2)
You have a slow metabolism.
Your sharp claws are effective at attacking unaware monsters.
You are partially covered in molten scales. (AC +2)
You are resistant to hostile enchantments. (MR+)
Your muscles are strong. (Str +2)


Message History

The gnoll sergeant hits you from afar with a spear of flaming.
The gnoll sergeant burns you. The orc closely misses you.
The orc wizard hits you but does no damage.
The gnoll completely misses you.
The orc shouts!
Found a pair of gloves.
There is a stone staircase leading up here.
The gnoll barely misses you. The gnoll misses you.
The gnoll sergeant barely misses you.
The orc wizard hits you but does no damage.
The gnoll closely misses you. The gnoll hits you with a club!
* * * LOW HITPOINT WARNING * * *
You climb upwards.
There is a stone staircase leading down here.
Okay, then.
The gnoll hits you from afar with a spear.
* * * LOW HITPOINT WARNING * * *
The orc misses you.
The gnoll hits you from afar with a spear.
You die...

#####...## #.J.......## ##...
##...######...#####..####....
##......##.....# ###..#...###
#####.#####........###......###
# ......#
####.....#.........####
#####.## ##......#######..##.
##.# ##gg....## ##..... #..#
#.oo.....# #..###.
##..#######gg@.###.## ##.## #.
##.........#..### ##.# #.## ##.
###....######...# #..# #.# #..
##...### ###.# ##.## ######.#
.#.##.# ### ##.## #...##
#.##.## #.## ###.# #.##.# ###
### ######


You could see an orc wizard, 4 gnolls and an orc.

Vanquished Creatures
  The ghost of grindst0ne the Chucker, an amateur OgHu of Okawaru (D:4)
  An ice beast (D:5)
  2 ogres (D:5)
  A howler monkey (D:5)
  A bullfrog zombie (D:5)
  3 hounds (D:4)
  2 orc priests (D:4)
  2 orc wizards
  A bullfrog skeleton (D:5)
  Natasha (thrice) (D:2)
  A big kobold zombie (Ossuary)
  7 mummies
  6 adders
  An ooze (D:1)
  An adder zombie (D:5)
  An adder skeleton (D:5)
  2 worms
  3 dart slugs
  A leopard gecko (D:3)
  12 orcs
  A ball python (D:1)
  3 giant cockroaches
  5 goblins
  6 hobgoblins
  2 jackals (D:5)
  9 kobolds
  2 quokkas
  4 bats
  7 frilled lizards
  3 hobgoblin zombies
  2 kobold zombies (Ossuary)
  2 orc zombies (Ossuary)
  11 rats
109 creatures vanquished.

Vanquished Creatures (collateral kills)
  2 mummies (Ossuary)
  A hobgoblin zombie (Ossuary)
3 creatures vanquished.

Vanquished Creatures (others)
  An ogre (D:5)
  A scorpion (D:5)
  3 jellies (D:4)
  An adder (D:5)
  An orc (D:4)
  A goblin zombie (D:4)
8 creatures vanquished.

Grand Total: 120 creatures vanquished

Notes
Turn   | Place    | Note
-------+----------+-------------------------------------------
     0 | D:1      | inc the Felid Transmuter began the quest for the Orb.
     0 | D:1      | Reached XP level 1. HP: 9/9 MP: 4/4
   304 | D:1      | Reached XP level 2. HP: 7/12 MP: 6/6
   725 | D:1      | Reached skill level 4 in Unarmed Combat
   980 | D:2      | Reached XP level 3. HP: 10/15 MP: 7/7
  1217 | D:2      | Found a sparkling altar of Nemelex Xobeh.
  1282 | D:2      | Noticed Natasha
  1286 | D:2      | Killed Natasha
  1286 | D:2      | Reached XP level 4. HP: 15/19 MP: 8/8
  1338 | D:2      | Noticed Natasha
  1353 | D:2      | Killed Natasha
  1353 | D:2      | Reached skill level 5 in Unarmed Combat
  1417 | D:2      | Noticed Natasha
  1426 | D:2      | Killed Natasha
  2005 | D:3      | Reached XP level 5. HP: 22/22 MP: 9/9
  2019 | D:3      | Found an ornate altar of the Wu Jian Council.
  2206 | D:3      | Found an ancient bone altar of Kikubaaqudgha.
  2233 | D:3      | Found a glowing golden altar of the Shining One.
  2509 | D:3      | Found a glowing golden altar of the Shining One.
  2669 | D:3      | Reached skill level 6 in Unarmed Combat
  3813 | D:4      | Found a snail-covered altar of Cheibriados.
  3813 | D:4      | Found a white marble altar of Elyvilon.
  3881 | D:4      | Found a staircase to the Ecumenical Temple.
  3885 | Temple   | Entered the Ecumenical Temple
  3948 | Temple   | Became a worshipper of Jiyva Jyanul the Shapeless
  3985 | D:4      | Gained mutation: You are covered in thick fur. (AC +2) [Felid growth]
  3985 | D:4      | Reached XP level 6. HP: 21/25 MP: 8/10
  4014 | D:4      | Noticed grindst0ne's ghost (amateur OgHu)
  4255 | D:4      | Reached skill level 7 in Unarmed Combat
  4308 | D:4      | Reached * piety under Jiyva
  4413 | D:4      | Found a sand-covered staircase.
  4420 | Ossuary  | Entered an ossuary
  4540 | Ossuary  | HP: 1/25 [mummy (15)]
  4544 | Ossuary  | Demolished by a mummy
  4545 | Ossuary  | Reached XP level 5. HP: -16/22 MP: 9/9
  4558 | Ossuary  | Learned a level 2 spell: Sticks to Snakes
  4726 | Ossuary  | Gained mutation: Your muscles are strong. (Str +2) [potion of mutation]
  4726 | Ossuary  | Gained mutation: You are partially covered in molten scales. (AC +2) [potion of mutation]
  4726 | Ossuary  | Gained mutation: You are resistant to hostile enchantments. (MR+) [potion of mutation]
  4750 | Ossuary  | Reached XP level 6. HP: 7/25 MP: 7/10
  5417 | D:4      | Killed grindst0ne's ghost
  5446 | D:4      | Found a shattered altar of Ashenzari.
  5633 | D:5      | Entered Level 5 of the Dungeon
  5725 | D:5      | Reached skill level 5 in Transmutations
  5748 | D:5      | Reached XP level 7. HP: 22/28 MP: 11/11
  5820 | D:5      | Found a blossoming altar of Fedhas.
  5999 | D:5      | Slain by an ogre
  6000 | D:5      | Reached XP level 6. HP: -4/25 MP: 4/10
  6350 | D:5      | Noticed an ice beast
  6371 | D:5      | Killed an ice beast
  7761 | D:5      | Reached ** piety under Jiyva
  7788 | D:5      | Slain by a gnoll

Skill      XL: |  1  2  3  4  5  6  7 |
---------------+----------------------+-----
Unarmed Combat | 4 5 6 7 |  7.2
Transmutations | 3 5 6 |  6.7
Dodging        | 4 |  4.1
Fighting       | |  1.0
Spellcasting   | |  2.0

Action                   |  1- 3 |  4- 6 |  7- 9 || total
-------------------------+-------+-------+-------++-------
Melee: Unarmed           |   101 |   313 |    20 ||   434
       Bite              |     6 |    19 |     2 ||    27
       Punch             |     1 |     7 |       ||     8
       Headbutt          |       |    23 |     4 ||    27
 Cast: Beastly Appendage |       |    20 |     2 ||    22
       Sticks to Snakes  |       |    11 |     4 ||    15
Invok: Request Jelly     |       |     2 |       ||     2
  Use: Scroll            |     4 |     5 |       ||     9
       Potion            |       |    14 |       ||    14
 Stab: Sleeping          |     6 |     4 |       ||    10
       Distracted        |       |     1 |       ||     1
       Invisible         |       |     1 |       ||     1
  Eat: Chunk             |       |     6 |       ||     6
Armor: Skin              |     2 |    17 |     1 ||    20
Dodge: Dodged            |    79 |   227 |    20 ||   326
